 Dungeon Crawl Stone Soup version 0.28-a0-1038-g9c4cb8273d (webtiles) character file.

Game seed: 3027756036643310163

3 lonewolfV2 the Sneak (level 1, 0/10 HPs)
             Began as a Kobold Enchanter on Dec 8, 2021.
             Slain by a jackal (3 damage)
             ... on level 1 of the Dungeon.
             The game lasted 00:00:22 (270 turns).

lonewolfV2 the Sneak (Kobold Enchanter)              Turns: 270, Time: 00:00:23

Health: 0/10       AC:  2    Str:  5    XL:     1   Next: 55%
Magic:  3/3        EV: 15    Int: 16    God:
Gold:   0          SH:  0    Dex: 15    Spells: 4/4 levels left

rFire   . . .      SeeInvis .   a - +1 dagger
rCold   . . .      Faith    .   (shield restricted)
rNeg    . . .      Spirit   .   b - +0 robe
rPois   .          Reflect  .   (no helmet)
rElec   .          Harm     .   (no cloak)
rCorr   .          Rampage  .   (no gloves)
Will    .....                   (no boots)
Stlth   ++++......              (no amulet)
HPRegen 0.03/turn               (no ring)
MPRegen 0.08/turn               (no ring)

@: no status effects
A: small, no large weapons, nightstalker 3
a: no special abilities


You were on level 1 of the Dungeon.
You visited 1 branch of the dungeon, and saw 1 of its levels.

Inventory:

Hand Weapons
 a - a +1 dagger (weapon)
Armour
 b - a +0 robe (worn)
Potions
 c - a potion of invisibility


   Skills:
 + Level 1.3 Short Blades
 + Level 2.4 Dodging
 + Level 4.3 Stealth
 + Level 2.1 Spellcasting
 + Level 3.0 Hexes


You had 4 spell levels left.
You didn't know any spells.
Your spell library contained the following spells:

 Spells                   Type           Power      Damage    Failure   Level
 Ensorcelled Hibernation  Hex/Ice        12%        N/A       17%         2
 Confusing Touch          Hex            11%        N/A       17%         3
 Tukima's Dance           Hex            11%        N/A       17%         3
 Dazzling Flash           Conj/Hex       12%        N/A       32%         3


Dungeon Overview and Level Annotations

Branches:
Dungeon (1/15)

Altars:


Innate Abilities, Weirdness & Mutations

You are small and have problems with some larger weapons.
You are completely attuned to the shadows.


Message History

A rat comes into view.
The jackal barks!
You hit the jackal.
The jackal is moderately wounded.
The bat barely misses you. The jackal closely misses you. x2
You hit the jackal.
The jackal is heavily wounded.
The bat misses you. The jackal bites you. The jackal barely misses you.
You barely miss the jackal.
The jackal is heavily wounded.
The jackal barely misses you. The jackal bites you.
The jackal barely misses you. The bat hits you but does no damage.
You hit the jackal.
The jackal is severely wounded.
The bat hits you but does no damage. The jackal barely misses you.
The jackal bites you but does no damage.
The jackal closely misses you.
You hit the jackal.
You kill the jackal!
The bat closely misses you. The rat closely misses you.
The jackal barely misses you. The rat closely misses you.
The jackal bites you but does no damage.
The bat completely misses you. The rat bites you. The rat barely misses you.
You see here a jackal corpse.
The bat closely misses you.
The jackal bites you but does no damage.
The rat bites you. The jackal closely misses you. The jackal barely misses you.
The rat bites you but does no damage.
You closely miss the jackal. The bat hits you but does no damage.
The jackal misses you. The rat misses you. x2
The jackal completely misses you.
You miss the jackal. The bat hits you. x2
* * * LOW HITPOINT WARNING * * *
The rat barely misses you.
The jackal bites you but does no damage.
The rat closely misses you.
You hit the jackal.
The jackal is moderately wounded.
The bat misses you. The jackal bites you.
You die...

≈≈≈≈≈≈≈..≈≈≈
≈≈≈≈≈≈≈..≈≈≈
#+##.≈≈≈≈≈≈≈≈≈...≈≈≈
.....≈≈≈≈≈≈≈≈≈.(..≈.
......≈≈≈≈≈≈≈≈≈.(....
.....?†≈≈≈≈≈≈≈.......
#......≈≈≈≈≈≈........
#..bhr..≈........≈≈≈.
.(..@r..........≈≈≈≈≈
................≈≈≈≈≈
...............≈≈≈≈≈≈
..........##'##≈≈≈≈≈≈
.......≈≈##...##≈≈≈≈
#.....#≈≈≈ #..<..# ≈≈
#..>..# ##...##


You could see a jackal, a bat and 2 rats.

Vanquished Creatures
  2 jackals (D:1)
  A frilled lizard (D:1)
3 creatures vanquished.

Notes
Turn   | Place    | Note
-------+----------+-------------------------------------------
     0 | D:1      | lonewolfV2 the Kobold Enchanter began the quest for the
                  | Orb.
     0 | D:1      | Reached XP level 1. HP: 10/10 MP: 3/3
   270 | D:1      | Slain by a jackal

Illustrated notes

Levels and vault maps discovered:
D:1:      minmay_arrival_shoal_huts, layout_basic

Action                   || total
-------------------------++-------
Melee: Dagger            ||    27
 Stab: Sleeping          ||     1
Armor: Robe              ||    10
Dodge: Dodged            ||    42

Table legend: (Time is in decaauts)
 A = Elapsed time spent in this place.
 B = Non-inter-level travel time spent in this place.
 C = Inter-level travel time spent in this place.
 D = Time resting spent in this place.
 E = Time spent auto-exploring this place.
 F = Levels seen in this place.
 G = Mean time per level.
                   A        B        C        D        E       F      G
               +--------+--------+--------+--------+--------+-----+--------+
         Total |    272 |    272 |      0 |      0 |    209 |   1 |  272.0 |
       Dungeon |    272 |    272 |      0 |      0 |    209 |   1 |  272.0 |
               +--------+--------+--------+--------+--------+-----+--------+

Top non-repeatable levels by time:
     D:1: 272 daAuts
